 Dungeon Crawl Stone Soup version 0.28-a0-779-g3d1f99b579 (webtiles) character file.

Game seed: 11747891183813303857

5071 kae the Grappler (level 10, -3/100 HPs)
             Began as a Purple Draconian Transmuter on Nov 2, 2021.
             Was an Initiate of Wu Jian.
             Killed from afar by an acid dragon (23 damage)
             ... with a splash of acid
             ... on level 9 of the Dungeon.
             The game lasted 00:08:06 (12781 turns).

kae the Grappler (Purple Draconian Transmuter)     Turns: 12781, Time: 00:08:06

Health: -3/100     AC:  3    Str: 19    XL:     10   Next: 31%
Magic:  17/20      EV: 11    Int: 17    God:    Wu Jian [......]
Gold:   1305       SH:  0    Dex: 11    Spells: 14/22 levels left

rFire   x . .      SeeInvis .     - Unarmed
rCold   + + +      Faith    .   (shield currently unavailable)
rNeg    . . .      Spirit   .   (armour unavailable)
rPois   +          Reflect  .   (helmet currently unavailable)
rElec   .          Harm     .   (cloak currently unavailable)
rCorr   .          Rampage  .   (gloves currently unavailable)
Will    ++...                   (boots currently unavailable)
Stlth   +.........              A - amulet of regeneration
HPRegen 1.26/turn               v - ring of willpower
MPRegen 0.17/turn               x - +6 ring of strength

@: about to teleport, ice-form, corroded
A: freezing attack, amphibious, boosted hp, (breathe power), AC +7, large,
unfitting armour, (cold-blooded)
a: End Transformation, Renounce Religion


You were on level 9 of the Dungeon.
You worshipped Wu Jian.
Wu Jian was noncommittal.
You were a creature of crystalline ice.
You visited 1 branch of the dungeon, and saw 9 of its levels.
You also visited: Ossuary.

You collected 1355 gold pieces.
You spent 50 gold pieces at shops.

Inventory:

Missiles
 u - 4 throwing nets
Armour
 z - a +0 cloak (melded)
Jewellery
 g - a ring of positive energy
 i - a ring of flight
 v - a ring of willpower (left front paw)
 x - a +6 ring of strength (right front paw)
 A - an amulet of regeneration (around neck)
Wands
 c - a wand of polymorph (8)
 e - a wand of paralysis (8)
 l - a wand of digging (6)
 C - a wand of iceblast (7)
 E - a wand of mindburst (9)
Scrolls
 a - 4 scrolls of enchant weapon
 b - 2 scrolls of teleportation
 j - 2 scrolls of holy word
 t - a scroll of amnesia
 w - a scroll of summoning
 y - 2 scrolls of enchant armour
 B - a scroll of noise {unknown}
Potions
 d - 2 potions of heal wounds
 f - 2 potions of brilliance
 h - a potion of attraction
 k - a potion of resistance
 m - 2 potions of degeneration
 n - a potion of cancellation
 o - 2 potions of lignification
 p - 2 potions of haste {unknown}
 q - 2 potions of curing
 r - 2 potions of berserk rage {unknown}
 s - a potion of ambrosia
 D - a potion of magic {unknown}


   Skills:
 + Level 6.5 Fighting
 + Level 5.5 Dodging
 * Level 9.0 Unarmed Combat
 + Level 6.7 Spellcasting
 + Level 6.1 Transmutations
 - Level 5.0 Ice Magic


You had 14 spell levels left.
You knew the following spells:

 Your Spells              Type           Power      Damage    Failure   Level
a - Beastly Appendage     Tmut           52%        N/A       1%          1
b - Spider Form           Tmut/Pois      16%        N/A       10%         3
c - Ice Form              Ice/Tmut       24%        N/A       12%         4

Your spell library contained the following spells:

 Spells                   Type           Power      Damage    Failure   Level
 Wereblood                Tmut           26%        N/A       1%          2
 Frozen Ramparts          Ice            44%        1d6       4%          3
 Magic Dart               Conj           20%        1d4       12%         1
 Blink                    Tloc           10%        N/A       19%         2
 Searing Ray              Conj           10%        2d4       19%         2
 Summon Ice Beast         Ice/Summ       14%        N/A       38%         4
 Fulminant Prism          Conj/Hex       2%         3d6       75%         4
 Manifold Assault         Tloc           5%         N/A       97%         5
 Storm Form               Tmut/Air       8%         N/A       100%        7
 Chain Lightning          Conj/Air       2%         3d3       100%        9
 Fire Storm               Conj/Fire      2%         8d1       100%        9
 Shatter                  Erth           2%         3d6*      100%        9


Dungeon Overview and Level Annotations

Branches:
Dungeon (9/15)             Temple (0/1) D:7            Lair (0/6) D:8
Ossuary (visited)
    Orc: D:9-12

Altars:
Nemelex Xobeh
Okawaru
Ru
Wu Jian
Zin

Shops:
D:2 *   D:3 :!   D:6 [


Innate Abilities, Weirdness & Mutations

You are a creature of crystalline ice.
You have a powerful freezing melee attack.
You are amphibious.
Your maximum health is increased.
Your armour is entirely melded.
You are incapable of wielding weapons or throwing items.
((You can breathe bolts of dispelling energy.))
((Your rich purple scales are hard. (AC +7)))
You cannot fit into any form of body armour.
((You are cold-blooded and may be slowed by cold attacks.))


Message History

There are monsters nearby!
An orc and an orc wizard come into view.
The orc shouts!
There is an open door here.
The orc warrior hits you from afar with a +0 halberd.
There is an open door here.
You warm up again.
Your +0 cloak unmelds from your body.
Casting: Ice Form (dangerous; 12% risk of failure)
Confirm with . or Enter, or press ? or * to list all spells.
You turn into a creature of crystalline ice.
Your +0 cloak melds into your body.
The orc warrior hits you from afar with a +0 halberd!
The orc warrior hits you from afar with a +0 halberd!
The acid dragon spits acid at you. The splash of acid hits you!!
The acid corrodes you!
The orc warrior hits you with a +0 halberd.
You are too injured to fight recklessly!
You are too injured to fight recklessly!
You are too injured to fight recklessly!
You are too injured to fight recklessly!
You are too injured to fight recklessly!
The orc warrior hits you from afar with a +0 halberd!
The acid dragon bites you!
* * * LOW HITPOINT WARNING * * *
The acid dragon claws you but does no damage.
There is an open door here.
Okay, then.
As you read the scroll of teleportation, it crumbles to dust.
You feel strangely unstable.
The orc warrior hits you from afar with a +0 halberd!
* * * LOW HITPOINT WARNING * * *
The acid dragon completely misses you. The acid dragon claws you.
* * * LOW HITPOINT WARNING * * *
The orc wizard gestures wildly while chanting.
The orc wizard flickers and vanishes!
Deactivating autopickup; reactivate with Ctrl-A.
The acid dragon spits acid at you. The splash of acid hits you!!
You die...

######### ........#
################ ........#
#..........[..<# ........#
#..............#
...o....#####..............#
.....Do.##o.oD.Y...........#
....o...#..##..............#
........'.###..............#
......:.### #############+##
#########


You could see an orc warrior, an acid dragon (catching breath) and an orc.

Vanquished Creatures
  A two-headed ogre (D:8)
  4 wyverns (D:8)
  A steam dragon (D:8)
  An acid dragon (D:9)
  6 water moccasins
  6 black bears
  A sky beast (D:7)
  An ice beast (D:7)
  2 necrophages
  2 ogres
  A wolf (D:8)
  5 centaurs
  2 kobold brigands
  A wyvern zombie (D:6)
  A scorpion (D:6)
  A water moccasin skeleton (D:5)
  3 centaur zombies
  3 jellies
  A bullfrog zombie (D:6)
  An orc priest (D:5)
  2 hounds
  3 gnoll shamans
  5 centaur skeletons
  3 iguanas
  13 mummies (Ossuary)
  2 howler monkey zombies
  Robin (D:2)
  A howler monkey skeleton (D:6)
  18 gnolls
  8 adders
  A shadow imp (D:7)
  A white imp (D:6)
  An ufetubus (D:5)
  3 adder skeletons (D:4)
  A worm (D:2)
  2 dart slugs
  7 orcs
  2 bats
  8 endoplasms
  7 giant cockroaches
  14 goblins
  14 hobgoblins
  5 jackals
  2 quokkas
  8 ball pythons
  2 gnoll skeletons (Ossuary)
  3 goblin skeletons (Ossuary)
  18 kobolds
  3 orc skeletons (Ossuary)
  7 rats
  11 rat skeletons (Ossuary)
220 creatures vanquished.

Vanquished Creatures (others)
  3 fungi
  10 plants (D:8)
13 creatures vanquished.

Grand Total: 233 creatures vanquished

Notes
Turn   | Place    | Note
-------+----------+-------------------------------------------
     0 | D:1      | kae the Draconian Transmuter began the quest for the Orb.
     0 | D:1      | Reached XP level 1. HP: 16/16 MP: 3/3
   443 | D:1      | Reached XP level 2. HP: 18/23 MP: 3/5
  1519 | D:2      | Reached XP level 3. HP: 22/29 MP: 6/6
  1523 | D:2      | Learned a level 3 spell: Spider Form
  1669 | D:2      | Found Zasaadgh's General Store.
  1678 | D:2      | Bought a scroll of identify for 20 gold pieces
  1678 | D:2      | Bought a scroll of teleportation for 30 gold pieces
  1801 | D:2      | Noticed Robin
  2983 | D:2      | Reached XP level 4. HP: 16/36 MP: 7/7
  3485 | D:2      | Killed Robin
  3540 | D:2      | Found Zasaadgh's General Store.
  4073 | D:3      | Found Rarphekk's Distillery.
  4237 | D:3      | Reached skill level 4 in Unarmed Combat
  4529 | D:3      | Found Seycil's Book Boutique.
  4675 | D:3      | Reached XP level 5. HP: 30/42 MP: 8/8
  4899 | D:3      | Noticed a water moccasin
  4911 | D:3      | HP: 2/42 [poisoned by a water moccasin]
  4916 | D:3      | HP: 1/42 [water moccasin (7)]
  4917 | D:3      | Killed a water moccasin
  5407 | D:4      | Reached XP level 6. HP: 36/50 MP: 7/10
  6001 | D:4      | Found a sacrificial altar of Ru.
  6160 | D:4      | Paralysed by a kobold for 3 turns
  6174 | D:4      | Reached skill level 5 in Unarmed Combat
  6882 | D:5      | Entered Level 5 of the Dungeon
  6904 | D:5      | Your scales start taking on a rich purple colour.
  6904 | D:5      | Reached XP level 7. HP: 31/57 MP: 9/13
  7044 | D:4      | Learned a level 4 spell: Ice Form
  7120 | D:5      | Reached skill level 1 in Ice Magic
  7133 | D:5      | Found a glowing silver altar of Zin.
  7460 | D:5      | Found a sand-covered staircase.
  7465 | Ossuary  | Entered an ossuary
  8399 | D:5      | Found an ornate altar of the Wu Jian Council.
  8448 | D:5      | Reached XP level 8. HP: 50/66 MP: 11/14
  8453 | D:5      | Reached skill level 6 in Unarmed Combat
  9799 | D:6      | Reached skill level 5 in Spellcasting
  9887 | D:6      | Found Ahygere's Antique Armour Boutique.
 10636 | D:6      | Reached skill level 7 in Unarmed Combat
 10636 | D:6      | Reached XP level 9. HP: 73/73 MP: 11/17
 11086 | D:7      | Reached skill level 5 in Fighting
 11186 | D:5      | Became a worshipper of the Wu Jian Council
 11240 | D:7      | Found a staircase to the Ecumenical Temple.
 11584 | D:7      | Reached skill level 5 in Transmutations
 11868 | D:8      | Reached skill level 5 in Ice Magic
 12018 | D:8      | Reached skill level 5 in Dodging
 12018 | D:8      | Reached skill level 8 in Unarmed Combat
 12047 | D:8      | Found a staircase to the Lair.
 12050 | D:8      | Reached XP level 10. HP: 82/83 MP: 19/19
 12081 | D:8      | Reached * piety under Wu Jian
 12293 | D:8      | Noticed a two-headed ogre
 12301 | D:8      | Killed a two-headed ogre
 12489 | D:8      | Found an iron altar of Okawaru.
 12528 | D:8      | Found a sparkling altar of Nemelex Xobeh.
 12689 | D:8      | Identified a scroll of acquirement
 12689 | D:8      | Acquired 843 gold pieces
 12726 | D:9      | Reached skill level 9 in Unarmed Combat
 12781 | D:9      | Killed from afar by an acid dragon

Illustrated notes

Levels and vault maps discovered:
D:1:      shiori_arrival_maze, layout_loops_ring
D:2:      minmay_chambers_of_ones, layout_basic, serial_shops,
          nicolae_shop_waterfront, minmay_misc_feat_four_crosses, uniq_robin
D:3:      layout_basic, serial_shops, shop, nicolae_lakefront_shop
D:4:      layout_basic, mainiacjoe_overflow_boulevard,
          chequers_serial_rivers_micro_e
D:5:      layout_gridville, nzn_wu_jian_council_hall,
          mainiacjoe_overflow_small_starburst, enter_ossuary_2,
          minmay_misc_feat_secret_circle
D:6:      layout_basic, serial_undead, serial_undead_d, serial_undead_d,
          serial_undead_e, serial_undead_f, serial_shops,
          nicolae_shop_waterfront
D:7:      layout_loops_cross, minmay_temple_entry_grid
D:8:      layout_basic, mainiacjoe_overflow_two_lobes, minmay_lair_entry_grove,
          minmay_misc_feat_five
D:9:      layout_roguey, hiddenorc1_lemuel, uniq_harold

Skill      XL: |  1  2  3  4  5  6  7  8  9 10 |
---------------+-------------------------------+-----
Dodging        | 2 3 4 5 |  5.5
Fighting       | 2 3 4 6 |  6.5
Unarmed Combat | 4 5 7 8 9 |  9.0
Transmutations | 3 4 5 6 |  6.1
Spellcasting   | 3 4 5 6 |  6.7
Ice Magic      | 2 4 5 |  5.0

Action                   |  1- 3 |  4- 6 |  7- 9 | 10-12 || total
-------------------------+-------+-------+-------+-------++-------
Melee: Unarmed           |   147 |   202 |   357 |    18 ||   724
       Headbutt          |    13 |     9 |    11 |       ||    33
       Kick              |    24 |    13 |    22 |       ||    59
       Tailslap          |    10 |    10 |    16 |       ||    36
       Punch             |     1 |     4 |     2 |       ||     7
 Cast: Beastly Appendage |    31 |    20 |    15 |       ||    66
       Spider Form       |       |    11 |     4 |       ||    15
       Ice Form          |       |       |    22 |     5 ||    27
Invok: Lunge             |       |       |     4 |       ||     4
 Abil: Breathe Dispellin |       |       |     3 |       ||     3
  Use: Scroll            |     6 |     3 |     7 |     4 ||    20
       Potion            |       |     2 |     2 |       ||     4
 Stab: Sleeping          |     1 |       |       |       ||     1
Armor: Skin              |    48 |    44 |   125 |     7 ||   224
Dodge: Dodged            |    85 |   155 |   183 |    24 ||   447

Table legend: (Time is in decaauts)
 A = Elapsed time spent in this place.
 B = Non-inter-level travel time spent in this place.
 C = Inter-level travel time spent in this place.
 D = Time resting spent in this place.
 E = Time spent auto-exploring this place.
 F = Levels seen in this place.
 G = Mean time per level.
                   A        B        C        D        E       F      G
               +--------+--------+--------+--------+--------+-----+--------+
         Total |  12713 |  12313 |    400 |    647 |   9864 |  10 | 1271.3 |
       Dungeon |  11823 |  11423 |    400 |    632 |   9197 |   9 | 1313.7 |
       Ossuary |    890 |    890 |      0 |     15 |    667 |   1 |  890.0 |
               +--------+--------+--------+--------+--------+-----+--------+

Top non-repeatable levels by time:
     D:2: 2450 daAuts
     D:4: 1968 daAuts
     D:5: 1579 daAuts
     D:1: 1467 daAuts
     D:3: 1339 daAuts
     D:6: 1320 daAuts
 Ossuary: 890 daAuts
     D:8: 867 daAuts
     D:7: 767 daAuts
     D:9: 63 daAuts
